 Dungeon Crawl Stone Soup version 0.31-a0-1074-g0b22e4e0f1 (webtiles) character file.

Game seed: 7008395132428491493

16759 Jeffwins the Grappler (level 12, -2/96 HPs)
             Began as a Troll Earth Elementalist on Nov 29, 2023.
             Was a High Priest of Okawaru.
             Slain by a lindwurm simulacrum (19 damage)
             ... in an ice cave.
             The game lasted 00:20:22 (10889 turns).

Jeffwins the Grappler (Troll Earth Elementalist)   Turns: 10889, Time: 00:20:22

Health: -2/96      AC: 12    Str: 19    XL:     12   Next: 12%
Magic:  16/16      EV:  9    Int: 15    God:    Okawaru [*****.]
Gold:   614        SH:  0    Dex:  7    Spells: 7/18 levels left

rFire   + .          .
                       - Unarmed
rCold   . . .        (no shield)
rNeg    . . .        R - +0 troll leather armour
rPois   +            E - +2 hat
rElec   .            Q - +0 cloak
rCorr   .            (gloves unavailable)
SInv    +            (boots unavailable)
Will    .....        H - amulet of faith {!P}
Stlth   +            p - ring "Debakuse" {rPois rF+ Dex-3 SInv}
HPRegen 1.96/turn    O - +4 ring of protection
MPRegen 0.15/turn

%: faith
@: no status effects
A: large, unfitting armour, claws 3, regeneration 1, shaggy fur 1, tough skin 1
a: Renounce Religion, Heroism, Finesse, Duel


You were in an ice cave.
You worshipped Okawaru.
Okawaru was extremely pleased with you.
You visited 2 branches of the dungeon, and saw 13 of its levels.
You also visited: Ice Cave.

You collected 810 gold pieces.
You spent 196 gold pieces at shops.


Innate Abilities, Weirdness & Mutations

You are too large for most types of armour.
You have claws for hands.
Your natural rate of healing is unusually fast.
You are covered in fur. (AC +1)
You have tough skin. (AC +1)


   Skills:
 - Level 1.5 Dodging
 - Level 1.0 Stealth
 - Level 10.0 Unarmed Combat
 + Level 3.8 Spellcasting
 * Level 5.9 Conjurations
 - Level 0.6 Transmutations
 * Level 3.4 Ice Magic
 + Level 3.6 Air Magic
 - Level 2.6 Earth Magic
 + Level 4.1 Poison Magic
 + Level 3.6 Invocations
 + Level 4.3 Evocations
 * Level 7.7 Shapeshifting


You had 7 spell levels left.
You knew the following spells:

 Your Spells              Type           Power      Damage    Failure   Level
c - Sandblast             Erth           20%        2d7       8%          1
f - Freezing Cloud        Conj/Ice/Air   7%         6-21      71%         5
x - Mephitic Cloud        Conj/Pois/Air  16%        N/A       10%         3
z - Poisonous Vapours     Pois/Air       28%        N/A       7%          2

Your spell library contained the following spells:

 Spells                   Type           Power      Damage    Failure   Level
 Magic Dart               Conj           80%        1d7       1%          1
 Searing Ray              Conj           40%        2d5       2%          2
 Shock                    Conj/Air       68%        1d7       3%          1
 Freeze                   Ice            52%        1d6       5%          1
 Hailstorm                Conj/Ice       16%        3d6       10%         3
 Stone Arrow              Conj/Erth      30%        3d8       11%         3
 Swiftness                Air            13%        N/A       14%         3
 Frozen Ramparts          Ice            26%        1d4       16%         3
 Passwall                 Tmut/Erth      5%         N/A       17%         2
 Apportation              Tloc           4%         N/A       22%         1
 Necrotise                Necr           8%         1d4       22%         1
 Slow                     Hex            8%         N/A       22%         1
 Brom's Barrelling Bould  Conj/Erth      15%        2d4       36%         4
 Airstrike                Air            6%         2d(1-17)  43%         4
 Confusing Touch          Hex            2%         N/A       54%         3
 Sigil of Binding         Hex            2%         N/A       54%         3
 Vampiric Draining        Necr           2%         2d6       54%         3
 Fulminant Prism          Conj/Hex       5%         3d6       54%         4
 Petrify                  Tmut/Erth      7%         N/A       73%         4
 Summon Small Mammal      Summ           Unusable   N/A       N/A         1

Inventory:

Hand Weapons
 X - the +4 mace of the Median {flame, rElec rF+ SInv Stlth+}
   (You found it on level 10 of the Dungeon)

   rF+:       It protects you from fire.
   rElec:     It insulates you from electricity.
   SInv:      It lets you see invisible.
   Stlth+:    It makes you more stealthy.
Missiles
 x - 40 poisoned darts
 y - 4 throwing nets {=f}
 T - a curare-tipped dart {=f}
 W - a javelin
Armour
 k - +0 acid dragon scales
 B - an orb of light
 E - a +2 hat (worn)
 Q - a +0 cloak (worn)
 R - a +0 troll leather armour (worn)
Jewellery
 f - a ring of fire
 o - a +4 ring of protection
 p - the ring "Debakuse" (left claw) {rPois rF+ Dex-3 SInv}
   (You found it on level 3 of the Dungeon)

   [ring of poison resistance]

   Dex-3:     It affects your dexterity (-3).
   rF+:       It protects you from fire.
   rPois:     It protects you from poison SInv: It lets you see invisible.
 F - a ring of protection from fire
 G - an amulet of guardian spirit
 H - an amulet of faith (around neck) {!P}
 O - a +4 ring of protection (right claw)
 Z - a ring of wizardry
Talismans
 a - a beast talisman
 c - a serpent talisman
 D - a blade talisman
 J - a talisman of death
Wands
 r - a wand of polymorph (14)
 z - a wand of digging (3)
 U - a wand of flame (19)
 Y - a wand of mindburst (5)
Scrolls
 g - 2 scrolls of fear
 h - 13 scrolls of teleportation {@r4}
 l - 6 scrolls of revelation {unknown}
 n - 2 scrolls of immolation {!r}
 s - 3 scrolls of enchant armour
 t - a scroll of butterflies
 v - 5 scrolls of vulnerability {!r}
 A - 2 scrolls of amnesia
 C - 3 scrolls of poison
 M - 3 scrolls of blinking
 N - 2 scrolls of enchant weapon
 P - a scroll of torment {!r}
 S - a scroll of fog
Potions
 b - a potion of magic
 d - 2 potions of heal wounds {unknown}
 i - 8 potions of curing {unknown}
 j - 2 potions of resistance {unknown}
 m - 2 potions of invisibility {unknown}
 q - 2 potions of brilliance {unknown}
 w - a potion of enlightenment {unknown}
 I - 2 potions of degeneration {unknown}
 K - 2 potions of ambrosia {unknown}
 L - 6 potions of cancellation {unknown}
 V - 2 potions of mutation {unknown}

Dungeon Overview and Level Annotations

Branches:
Dungeon (12/15)            Temple (1/1) D:4            Lair (0/5) D:8
    Orc (0/2) D:9           IceCv (1/1)

Altars:
Ashenzari
Cheibriados
Dithmenos
Elyvilon
Fedhas
Gozag
Hepliaklqana
Kikubaaqudgha
Makhleb
Nemelex Xobeh
Okawaru
Qazlal
Ru
Sif Muna
Trog
Uskayaw
Vehumet
Wu Jian
Xom
Yredelemnul
Zin
The Shining One

Shops:
D:5 [   D:10 (   D:12 [

Annotations:
D:7 2 transporters, wally255's ghost, amateur TrMo

..#..
#....
#...#
...##
#...#
##...##
##.○Z..##
#...@...#
#.......#
##..∩..##
##...##
#####


You could see a lindwurm simulacrum.


Message History

You claw the lindwurm simulacrum!
The lindwurm simulacrum is severely damaged.
Unknown command.
You scratch the lindwurm simulacrum. You claw the lindwurm simulacrum.
The lindwurm simulacrum vaporises!
Okawaru accepts your kill.
The lindwurm simulacrum bites you but does no damage.
The lindwurm simulacrum claws you but does no damage.
The lindwurm simulacrum claws you. The lindwurm simulacrum freezes you!!
You mangle the lindwurm simulacrum!!
The lindwurm simulacrum is severely damaged.
The lindwurm simulacrum bites you! The lindwurm simulacrum freezes you!!
* * * LOW HITPOINT WARNING * * *
The lindwurm simulacrum claws you.
* * * LOW HITPOINT WARNING * * *
The lindwurm simulacrum freezes you!!
* * * LOW HITPOINT WARNING * * *
The lindwurm simulacrum claws you but does no damage.
The lindwurm simulacrum bites you but does no damage.
The lindwurm simulacrum barely misses you. x2
You claw the lindwurm simulacrum!
The lindwurm simulacrum vaporises!
Okawaru accepts your kill.
Unknown command.
You scratch the lindwurm simulacrum.
The lindwurm simulacrum is lightly damaged.
The lindwurm simulacrum bites you.
* * * LOW HITPOINT WARNING * * *
The lindwurm simulacrum freezes you!!
You die...

Skill      XL: |  1  2  3  4  5  6  7  8  9 10 11 |
---------------+----------------------------------+-----
Unarmed Combat | 1 2 5 7 9 10 | 10.0
Shapeshifting  | 3 5 6 7 |  7.7
Evocations     | 1 2 3 4 |  4.3
Conjurations   | 1 3 4 5 |  5.9
Poison Magic   | 1 2 3 4 |  4.1
Air Magic      | 1 2 3 |  3.6
Spellcasting   | 2 3 |  3.8
Invocations    | 2 3 |  3.6
Ice Magic      | 3 |  3.4
Dodging        | |  1.5
Stealth        | |  1.0
Transmutations | |  0.6
Earth Magic    | |  2.6

Action                     |  1- 3 |  4- 6 |  7- 9 | 10-12 || total
---------------------------+-------+-------+-------+-------++-------
  Melee: Unarmed           |    83 |   132 |   349 |   587 ||  1151
         Punch             |     1 |     2 |    11 |    31 ||    45
   Cast: Sandblast         |       |     1 |       |       ||     1
         Poisonous Vapours |       |       |     6 |    37 ||    43
         Mephitic Cloud    |       |       |       |    13 ||    13
 Invoke: Heroism           |       |       |       |     1 ||     1
  Evoke: Wand              |       |       |       |     3 ||     3
    Use: Scroll            |       |       |     5 |     8 ||    13
         Potion            |       |       |       |     2 ||     2
   Stab: Sleeping          |     2 |     2 |     1 |       ||     5
         Confused          |       |       |       |     9 ||     9
 Armour: Robe              |    62 |    67 |   320 |   355 ||   804
         Troll leather arm |       |       |       |   192 ||   192
  Dodge: Dodged            |    30 |    56 |   181 |   269 ||   536
         Form:             |       |       |     1 |       ||     1
         Blade             |       |       |     1 |       ||     1

Levels and vault maps discovered:
D:1:      eino_arrival_cavern_d, layout_loops_ring
D:2:      kennysheep_six_static_rooms, layout_loops_cross, nrook_mini_backslash,
          uniq_crazy_yiuf_cottage, uniq_sigmund
D:3:      layout_basic, nicolae_uskayaw_murder_on_the_dancefloor,
          nemelex_dance_club_becter, shapermc_ecumenical_altar_venn
D:4:      layout_basic, temple_doors_e, uniq_ijyb, uniq_robin, uniq_edmund
D:5:      layout_gridville, fedhas_altar_1, serial_shops, shop,
          minmay_fractal_squares_diagonal_5
D:6:      layout_basic, mainiacjoe_overflow_boulevard
D:7:      layout_loops_cross, gammafunk_ghost_wrathful_warriors,
          roderic_serpentine_path
D:8:      layout_cave_pods, grunt_temple_overflow_diamond,
          due_lair_maze_entry_diamond, minmay_misc_feat_square
D:9:      layout_loops_ring, mainiacjoe_overflow_paths,
          nicolae_ashenzari_panopticon, mainiacjoe_overflow_divided_tiny,
          hiddenorc2_lemuel, uniq_erolcha
D:10:     layout_grid_maze, nicolae_gozag_seed_capital, lemuel_round_altar,
          vehumet_altar_wand_db, nicolae_shop_firing_range
D:11:     layout_rooms, serial_co_window_serial, co_window_paths_a,
          co_window_paths_a, co_window_paths_a, co_window_corner_a,
          co_window_paths_a, co_window_of_opportunity_b, co_window_broadway_a,
          co_window_corner_cb, co_window_corner_b, co_window_of_opportunity_c,
          co_window_broadway_a, glass_columns_a, glass_columns_c,
          glass_columns_a, uniq_grum
D:12:     layout_gridville, serial_shops, shop,
          portal_ice_cave_entry_animals_and_master, uniq_nergalle
Temple:   hellmonk_temple_forest_ring
IceCv:    ice_cave_small_dragons

Notes
Turn   | Place    | Note
-------+----------+-------------------------------------------
     0 | D:1      | Jeffwins the Troll Earth Elementalist began the quest for
                  | the Orb.
     0 | D:1      | Reached XP level 1. HP: 16/16 MP: 1/1
    99 | D:1      | Reached skill level 1 in Unarmed Combat
   131 | D:1      | Reached XP level 2. HP: 24/24 MP: 2/2
   156 | D:1      | Reached skill level 2 in Unarmed Combat
   493 | D:1      | Reached XP level 3. HP: 30/31 MP: 3/3
   664 | D:2      | Identified the +1 robe of Tenacity {*Corrode Regen+ SInv}
   757 | D:2      | Reached skill level 3 in Unarmed Combat
   922 | D:2      | Noticed Sigmund
   934 | D:2      | Killed Sigmund
   935 | D:2      | Reached skill level 5 in Unarmed Combat
   935 | D:2      | Reached XP level 4. HP: 39/39 MP: 4/4
   935 | D:2      | Reached XP level 5. HP: 45/45 MP: 5/5
  1021 | D:2      | Found a runed translucent door.
  1022 | D:2      | Noticed Crazy Yiuf
  1456 | D:2      | Killed Crazy Yiuf
  1457 | D:2      | Reached XP level 6. HP: 53/53 MP: 4/6
  1565 | D:3      | Reached skill level 6 in Unarmed Combat
  1590 | D:3      | Identified the ring "Debakuse" {rPois rF+ Dex-3 SInv}
  1710 | D:3      | Found a hide-covered altar of Uskayaw.
  1749 | D:3      | Found a faded altar of an unknown god.
  1825 | D:3      | Found a sparkling altar of Nemelex Xobeh.
  1889 | D:4      | Noticed Robin
  1904 | D:4      | Killed Robin
  2020 | D:4      | Reached skill level 7 in Unarmed Combat
  2036 | D:4      | Noticed Ijyb
  2057 | D:4      | Killed Ijyb
  2494 | D:4      | Reached XP level 7. HP: 59/59 MP: 7/7
  2513 | D:4      | Noticed Edmund
  2521 | D:4      | Killed Edmund
  2522 | D:4      | Reached skill level 8 in Unarmed Combat
  2530 | D:4      | Found a staircase to the Ecumenical Temple.
  2552 | Temple   | Entered the Ecumenical Temple
  2654 | D:4      | You fall into a shaft and drop 2 floors!
  2725 | D:5      | Entered Level 5 of the Dungeon
  2997 | D:4      | Reached skill level 9 in Unarmed Combat
  3159 | D:5      | Found a blossoming altar of Fedhas.
  3270 | D:5      | Found Ibepuc's Antique Armour Shoppe.
  3285 | D:5      | Bought an embroidered hat for 196 gold pieces
  3310 | D:5      | Reached XP level 8. HP: 59/67 MP: 8/8
  3325 | D:5      | Reached skill level 1 in Shapeshifting
  3605 | D:5      | Reached skill level 1 in Evocations
  3938 | D:6      | Reached skill level 2 in Shapeshifting
  3999 | D:6      | Found a white marble altar of Elyvilon.
  4008 | D:6      | Learned a level 3 spell: Mephitic Cloud
  4604 | D:6      | Reached skill level 1 in Conjurations
  4975 | D:7      | Reached skill level 3 in Shapeshifting
  4979 | D:7      | Reached skill level 1 in Poison Magic
  5046 | D:7      | Noticed a moth of wrath
  5052 | D:7      | Found a transporter.
  5057 | D:7      | Found a transporter.
  5058 | D:7      | Found a bloodstained altar of Trog.
  5059 | D:7      | Noticed wally255's ghost (amateur TrMo)
  5090 | D:7      | Noticed a two-headed ogre
  5176 | D:7      | Reached skill level 1 in Air Magic
  5176 | D:7      | Reached XP level 9. HP: 68/74 MP: 8/10
  5325 | D:7      | Reached skill level 2 in Conjurations
  5660 | D:8      | Reached skill level 2 in Evocations
  5665 | D:8      | Reached skill level 10 in Unarmed Combat
  5674 | D:8      | Reached skill level 2 in Spellcasting
  5680 | D:8      | Reached skill level 4 in Shapeshifting
  5737 | D:8      | Reached skill level 3 in Conjurations
  5779 | D:8      | Found a staircase to the Lair.
  5784 | D:8      | Reached skill level 2 in Poison Magic
  5817 | D:8      | Reached skill level 2 in Air Magic
  6340 | D:8      | Learned a level 2 spell: Poisonous Vapours
  6381 | D:8      | Reached skill level 5 in Shapeshifting
  6497 | D:8      | Reached XP level 10. HP: 81/81 MP: 7/12
  6825 | D:8      | Found an iron altar of Okawaru.
  6828 | D:8      | Found a snail-covered altar of Cheibriados.
  6832 | D:8      | Found a basalt altar of Yredelemnul.
  6838 | D:8      | Became a worshipper of Warmaster Okawaru
  7465 | D:9      | Noticed Erolcha
  7484 | D:9      | Killed Erolcha
  7485 | D:9      | Reached skill level 4 in Conjurations
  7485 | D:9      | Reached skill level 1 in Invocations
  7485 | D:9      | Reached skill level 3 in Evocations
  7516 | D:9      | Reached * piety under Okawaru
  7546 | D:9      | Found a broken altar of Ashenzari.
  7562 | D:9      | Found a shadowy altar of Dithmenos.
  7592 | D:9      | Found an ancient bone altar of Kikubaaqudgha.
  7592 | D:9      | Found a shimmering altar of Xom.
  7871 | D:9      | Found a staircase to the Orcish Mines.
  7909 | D:9      | Reached ** piety under Okawaru
  8333 | D:9      | Reached skill level 6 in Shapeshifting
  8346 | D:9      | Reached skill level 3 in Poison Magic
  8540 | D:10     | Entered Level 10 of the Dungeon
  8540 | D:10     | Found Kili Rue's Firing Range.
  8575 | D:10     | Found a shimmering blue altar of Sif Muna.
  8600 | D:10     | Identified the +4 mace of the Median {flame, rElec rF+ SInv
                  | Stlth+}
  8619 | D:10     | Found an opulent altar of Gozag.
  8688 | D:10     | Reached skill level 3 in Spellcasting
  8688 | D:10     | Reached skill level 2 in Invocations
  8735 | D:10     | Found a radiant altar of Vehumet.
  8867 | D:10     | Learned a level 5 spell: Freezing Cloud
  8999 | D:10     | Reached *** piety under Okawaru
  9026 | D:10     | Noticed a two-headed ogre
  9035 | D:10     | Killed a two-headed ogre
  9036 | D:10     | Reached XP level 11. HP: 77/88 MP: 10/14
  9153 | D:10     | Reached **** piety under Okawaru
  9154 | D:10     | Reached skill level 1 in Ice Magic
  9240 | D:10     | Reached skill level 3 in Air Magic
  9450 | D:10     | Reached skill level 5 in Conjurations
  9618 | D:11     | Noticed a two-headed ogre
  9648 | D:11     | Killed a two-headed ogre
  9648 | D:11     | Reached ***** piety under Okawaru
  9649 | D:11     | Reached skill level 2 in Ice Magic
  9743 | D:11     | Noticed a cyan ugly thing
  9756 | D:11     | Killed a cyan ugly thing
  9757 | D:11     | Reached skill level 3 in Invocations
  9757 | D:11     | Reached skill level 7 in Shapeshifting
 10059 | D:11     | Noticed Grum
 10082 | D:11     | Killed Grum
 10083 | D:11     | Reached skill level 4 in Evocations
 10294 | D:11     | Noticed a two-headed ogre
 10302 | D:11     | Killed a two-headed ogre
 10572 | D:12     | Noticed a red ugly thing
 10654 | D:12     | Found Sibule's Antique Armour Shoppe.
 10669 | D:12     | Found a frozen archway.
 10670 | D:12     | Noticed an ice dragon
 10694 | D:12     | Killed an ice dragon
 10694 | D:12     | Received a gift from Okawaru
 10695 | D:12     | Reached skill level 3 in Ice Magic
 10707 | D:12     | HP: 6/88 [polar bear (3)]
 10792 | D:12     | Noticed a deep elf pyromancer
 10801 | D:12     | Killed a deep elf pyromancer
 10802 | D:12     | Reached skill level 4 in Poison Magic
 10806 | D:12     | Killed a red ugly thing
 10807 | D:12     | Reached XP level 12. HP: 96/96 MP: 11/16
 10880 | IceCv    | Entered an ice cave
 10889 | IceCv    | Slain by a lindwurm simulacrum

Vanquished Creatures
  Erolcha (D:9)
  An ice dragon (D:12)
  3 two-headed ogres
  2 ugly things
  A deep elf pyromancer (D:12)
  5 cyclopes
  A rime drake (D:12)
  An unseen horror (D:10)
  2 trolls
  2 polar bears (D:12)
  A hornet (D:8)
  Sigmund (D:2)
  A shadow (D:10)
  2 wraiths
  12 yaks
  A steam dragon (D:10)
  Grum (D:11)
  7 vampire mosquitoes
  Edmund (D:4)
  2 acid dragons (D:11)
  A sky beast (D:7)
  6 orc warriors
  An ice beast (D:5)
  3 black bears (D:8)
  3 wolves (D:11)
  An ogre (D:4)
  2 centaurs
  4 kobold brigands
  7 bullfrogs
  A scorpion (D:7)
  6 wights
  2 lindwurm simulacra (IceCv)
  24 killer bees
  A howler monkey (D:6)
  3 hounds
  10 orc priests
  2 jellies
  Crazy Yiuf (D:2)
  3 gnoll boudas
  2 sleepcaps
  Ijyb (D:4)
  5 iguanas
  16 orc wizards
  Robin (D:4)
  11 gnolls
  12 adders
  A shadow imp (D:6)
  A worm (D:2)
  A dart slug (D:1)
  75 orcs
  6 endoplasms
  3 giant cockroaches
  14 goblins
  15 hobgoblins
  3 jackals (D:1)
  3 quokkas
  3 training dummies (D:10)
  5 ball pythons
  7 bats
  2 frilled lizards
  20 kobolds
  2 rats
338 creatures vanquished.

Table legend: (Time is in decaauts)
 A = Elapsed time spent in this place.
 B = Non-inter-level travel time spent in this place.
 C = Inter-level travel time spent in this place.
 D = Time resting spent in this place.
 E = Time spent auto-exploring this place.
 F = Levels seen in this place.
 G = Mean time per level.
                   A        B        C        D        E       F      G
               +--------+--------+--------+--------+--------+-----+--------+
         Total |  10708 |  10242 |    466 |    438 |   7412 |  14 |  764.9 |
       Dungeon |  10698 |  10232 |    466 |    438 |   7412 |  12 |  891.5 |
        Temple |      1 |      1 |      0 |      0 |      0 |   1 |    1.0 |
      Ice Cave |      8 |      8 |      0 |      0 |      0 |   1 |    8.0 |
               +--------+--------+--------+--------+--------+-----+--------+

Top non-repeatable levels by time:
     D:8: 1599 daAuts
     D:9: 1189 daAuts
     D:4: 1049 daAuts
    D:10: 1010 daAuts
    D:11: 1002 daAuts
     D:7: 978 daAuts
     D:6: 968 daAuts
     D:2: 875 daAuts
     D:5: 758 daAuts
     D:1: 656 daAuts
     D:3: 353 daAuts
    D:12: 256 daAuts
   IceCv: 8 daAuts
  Temple: 1 daAuts

Table legend:
 A = Non-vault XP
 B = Vault XP
 C = Vault XP percentage of total XP
 D = Non-vault monster count
 E = Vault monster count
 F = Vault count percentage of total count
                 A         B        C        D         E       F
            +---------+---------+-------+---------+---------+-------
      Total |   17560 |    6382 |  26.7 |     249 |      89 |  26.3
            +---------+---------+-------+---------+---------+-------
        D:1 |      46 |       0 |   0.0 |      27 |       0 |   0.0
        D:2 |      42 |     295 |  87.5 |      10 |       8 |  44.4
        D:3 |      35 |       5 |  12.5 |       7 |       2 |  22.2
        D:4 |     373 |     225 |  37.6 |      32 |      13 |  28.9
        D:5 |     476 |     159 |  25.0 |      16 |       6 |  27.3
        D:6 |     573 |       0 |   0.0 |      26 |       0 |   0.0
        D:7 |    1084 |       0 |   0.0 |      21 |       0 |   0.0
        D:8 |    1798 |    1062 |  37.1 |      38 |       9 |  19.1
        D:9 |    1716 |    1280 |  42.7 |      35 |      33 |  48.5
       D:10 |    3888 |       8 |   0.2 |      15 |       4 |  21.1
       D:11 |    5071 |     547 |   9.7 |      17 |       4 |  19.0
       D:12 |    2458 |    2676 |  52.1 |       5 |       8 |  61.5
      IceCv |       0 |     125 | 100.0 |       0 |       2 | 100.0
            +---------+---------+-------+---------+---------+-------
